Dallas Stars vs Columbus Blue Jackets

Created - mardi 6 novembre 2018 at 19:00

Goals
1 2 3 OT1 SO T
Dallas Stars 0 1 0 0 1 2
Columbus Blue Jackets 0 0 1 0 0 1
Shots
1 2 3 OT1 SO T
Dallas Stars 9 12 11 1 3 33
Columbus Blue Jackets 6 7 18 6 3 37

1st period

No Goal

Penalties :
No Penalty

2nd period

1. Dallas Stars , Viktor Arvidsson 8 (Mark Scheifele 9, Ryan Ellis 5) at 1:16

Penalties :
Viktor Arvidsson (DAL) for Holding (Minor) at 6:59

3rd period

2. Columbus Blue Jackets , Oliver Bjorkstrand 2 (Jamie Benn 5, Markus Nutivaara 5) at 1:11 (PP)

Penalties :
Matthew Tkachuk (DAL) for Slashing (Minor) at 0:28, Matthew Tkachuk (DAL) for Tripping (Minor) at 7:34, Stefan Noesen (CBJ) for Tripping (Minor) at 12:56, Kyle Connor (DAL) for Hooking (Minor) at 16:09

Overtime #1

No Goal

Penalties :
No Penalty

Shootout

Dallas Stars, Mark Scheifele - Goal!
Columbus Blue Jackets, Jamie Benn - Stopped by Carter Hutton
Dallas Stars, Matthew Tkachuk - Shot Misses the Net
Columbus Blue Jackets, Artemi Panarin - Shot Misses the Net
Dallas Stars, Viktor Arvidsson - Stopped by Sergei Bobrovsky
Columbus Blue Jackets, Alexander Wennberg - Stopped by Carter Hutton

Penalties :
No Penalty

Goalie Stats

Carter Hutton (DAL), 36 saves from 37 shots - (0.973), W, 3-0-0, 65:00 minutes
Sergei Bobrovsky (CBJ), 32 saves from 33 shots - (0.970), OTL, 7-4-3, 65:00 minutes

Players Stats for Dallas Stars

Player Name              G  A  P  +/- PIM S  H  SB GA TA FO     MP     PP MP  PK MP  
------------------------------------------------------------------------------------
Carl Soderberg           0  0  0   0  0   1  3  1  1  0  6/15   16:37   0:53   0:36 
Colton Parayko           0  0  0   0  0   1  3  0  0  1  0/0    20:16   0:00   3:36 
Derek Grant              0  0  0   0  0   1  1  0  1  0  0/0    10:14   0:09   0:35 
Devin Shore              0  0  0   0  0   1  1  0  1  0  1/1    13:09   0:06   0:00 
James Neal               0  0  0   1  0   0  0  0  0  0  1/2    18:58   0:53   0:00 
John Klingberg           0  0  0   1  0   0  0  1  0  0  0/0    24:10   0:59   3:04 
Kyle Connor              0  0  0   0  2   1  2  1  1  0  0/0    15:00   0:57   0:00 
Loui Eriksson            0  0  0   0  0   3  1  0  0  0  0/0    16:15   0:03   2:50 
Mark Scheifele           0  1  1   1  0   5  0  0  0  0  13/20  19:23   1:03   0:00 
Matthew Tkachuk          0  0  0   0  4   4  4  0  0  1  0/2    14:43   0:53   0:00 
Oscar Klefbom            0  0  0   0  0   0  0  1  0  0  0/0    19:43   0:00   0:00 
Pierre-Edouard Bellemare 0  0  0   0  0   1  3  1  0  1  6/12   12:23   0:00   3:14 
Riley Sheahan            0  0  0   0  0   0  1  0  0  0  5/11   15:58   0:00   2:50 
Ryan Ellis               0  1  1   1  0   3  2  0  0  1  0/0    21:40   0:59   3:36 
Stephen Johns            0  0  0   0  0   0  2  1  0  1  0/0    17:49   1:00   0:00 
Tom Wilson               0  0  0   0  0   6  3  0  0  0  0/0    12:24   0:00   3:15 
Trevor Daley             0  0  0   0  0   0  0  2  0  1  0/0    20:28   1:00   3:04 
Viktor Arvidsson         1  0  1   1  2   6  2  0  1  0  0/0    19:06   1:00   0:00 

Players Stats for Columbus Blue Jackets

Player Name              G  A  P  +/- PIM S  H  SB GA TA FO     MP     PP MP  PK MP  
------------------------------------------------------------------------------------
Alexander Wennberg       0  0  0   0  0   4  2  0  1  0  14/22  21:03   3:14   0:23 
Antoine Vermette         0  0  0   0  0   0  3  0  0  0  2/7    10:14   0:00   0:00 
Artemi Panarin           0  0  0  -1  0   5  2  0  1  0  1/1    20:54   3:14   0:47 
Boone Jenner             0  0  0   0  0   4  2  0  0  0  0/0    15:21   0:00   0:51 
Christopher Tanev        0  0  0  -1  0   1  0  5  0  0  0/0    21:12   0:00   0:51 
Devante Smith-Pelly      0  0  0   0  0   0  2  0  1  0  0/0    12:41   3:03   0:51 
Frederik Gauthier        0  0  0   0  0   0  0  1  0  1  7/12   14:10   0:00   1:06 
Jack Johnson             0  0  0   0  0   0  3  1  0  0  0/0    22:18   3:17   1:08 
Jamie Benn               0  1  1  -1  0   1  4  0  0  1  7/19   20:09   3:26   0:00 
Justin Braun             0  0  0  -1  0   3  2  2  0  0  0/0    23:26   0:00   0:51 
Kevin Hayes              0  0  0  -1  0   0  3  0  1  2  0/1    18:03   3:26   0:00 
Lukas Sedlak             0  0  0   0  0   0  5  0  0  0  0/0     8:20   0:00   0:00 
Markus Nutivaara         0  1  1   0  0   1  0  0  0  0  0/0    17:27   3:23   0:00 
Oliver Bjorkstrand       1  0  1   0  0   4  3  0  0  0  0/0    18:44   3:20   0:00 
Ryan Murray              0  0  0   0  0   2  1  3  0  0  0/0    20:33   3:23   1:08 
Stefan Noesen            0  0  0   0  2   9  4  0  0  0  0/0    13:29   0:17   0:00 
Tim Heed                 0  0  0   0  0   0  1  0  2  0  0/0    18:14   3:17   0:00 
Vinnie Hinostroza        0  0  0   0  0   3  4  2  0  1  0/1    16:42   0:00   0:00 

3 Stars

1 - Carter Hutton (DAL)
2 - Sergei Bobrovsky (CBJ)
3 - Oliver Bjorkstrand (CBJ)

Power Play

Dallas Stars - 0 on 1 Attempt(s) - 0.00%
Columbus Blue Jackets - 1 on 4 Attempt(s) - 25.00%

Penalty Kill

Dallas Stars - 3 on 4 Attempt(s) - 75.00% - Score 0 goal in Penalty Kill
Columbus Blue Jackets - 1 on 1 Attempt(s) - 100.00% - Score 0 goal in Penalty Kill

Team Stat

Dallas Stars - Hits : 28 - Faceoff Wins : 32 - Blocked Shots : 8 - Penalty Minutes : 8
Columbus Blue Jackets - Hits : 41 - Faceoff Wins : 31 - Blocked Shots : 14 - Penalty Minutes : 2

Official

Referees : Ghislain Hebert and Wes McCauley
Linesman : Ryan Galloway and Mark Shewchyk

Game Notes

No Game Note

Finance

Level 1 -- Attendance: 10000 (100.00%) -- Ticket Income fr. 800'000
Level 2 -- Attendance: 1889 (94.45%) -- Ticket Income fr. 122'785
Level 3 -- Attendance: 3490 (99.71%) -- Ticket Income fr. 73'290
Level 4 -- Attendance: 1210 (83.45%) -- Ticket Income fr. 24'200
Luxury Box -- Attendance: 46 (92.00%) -- Ticket Income fr. 9'200
Game was played at the Nationwide Arena.
Total Attendance: 16635 (97.85%)
Total Ticket Income: fr. 1'029'475
Total Income: fr. 1'029'475

Dallas Stars

5 vs 5 Forward 
   Center                   Left Wing                Right Wing               Time % Phy DF OF 
 1 Mark Scheifele           Viktor Arvidsson         James Neal               32     1   1  3  
 2 Riley Sheahan            Matthew Tkachuk          Loui Eriksson            27     1   2  2  
 3 Carl Soderberg           Kyle Connor              Devin Shore              25     1   3  1  
 4 Pierre-Edouard Bellemare Derek Grant              Tom Wilson               16     2   3  0  

5 vs 5 Defense 
   Defense                  Defense                                           Time % Phy DF OF 
 1 John Klingberg           Ryan Ellis                                        32     1   2  2  
 2 Colton Parayko           Oscar Klefbom                                     30     1   2  2  
 3 Stephen Johns            Trevor Daley                                      28     2   3  0  
 4 John Klingberg           Oscar Klefbom                                     10     1   4  0  

PowerPlay Forward 
   Center                   Left Wing                Right Wing               Time % Phy DF OF 
 1 Mark Scheifele           Kyle Connor              Viktor Arvidsson         52     0   0  5  
 2 Carl Soderberg           Matthew Tkachuk          James Neal               48     0   0  5  

PowerPlay Defense
   Defense                  Defense                                           Time % Phy DF OF 
 1 John Klingberg           Ryan Ellis                                        50     0   0  5  
 2 Stephen Johns            Trevor Daley                                      50     0   0  5  

Penalty Kill 4 Players Forward 
   Center                   Wing                     Time % Phy DF OF 
 1 Pierre-Edouard Bellemare Tom Wilson               52     0   5  0  
 2 Riley Sheahan            Loui Eriksson            48     0   5  0  

Penalty Kill 4 Players Defense
   Defense                  Defense                  Time % Phy DF OF 
 1 Colton Parayko           Ryan Ellis               52     0   5  0  
 2 John Klingberg           Trevor Daley             48     0   5  0  

Penalty Kill - 3 Players Forward 
   Forward                                           Time % Phy DF OF 
 1 Pierre-Edouard Bellemare                          52     0   5  0  
 2 Riley Sheahan                                     48     0   5  0  

Penalty Kill - 3 Players Defense
   Defense                  Defense                  Time % Phy DF OF 
 1 Colton Parayko           Ryan Ellis               52     0   5  0  
 2 John Klingberg           Trevor Daley             48     0   5  0  

4 vs 4 Forward 
   Center                   Wing                     Time % Phy DF OF 
 1 Mark Scheifele           Loui Eriksson            52     0   2  3  
 2 Carl Soderberg           Matthew Tkachuk          48     0   2  3  

4 vs 4 Defense
   Defense                  Defense                  Time % Phy DF OF 
 1 Colton Parayko           Oscar Klefbom            65     0   2  3  
 2 Stephen Johns            Trevor Daley             35     0   2  3  

Last Minutes Offensive
   Center                   Left Wing                Right Wing               Defense                  Defense                  
   Mark Scheifele           Viktor Arvidsson         James Neal               John Klingberg           Ryan Ellis               

Last Minutes Defensive
   Center                   Left Wing                Right Wing               Defense                  Defense                  
   Pierre-Edouard Bellemare Riley Sheahan            Tom Wilson               Trevor Daley             Ryan Ellis               

Goaltenders
Starting : Carter Hutton            
Backup : Jake Allen               

Extra Forwards
Normal : James Neal, Mark Scheifele, Viktor Arvidsson - PP : James Neal, Mark Scheifele - PK : Pierre-Edouard Bellemare
Extra Defensemen
Normal : Trevor Daley, John Klingberg, Ryan Ellis - PP : John Klingberg - PK : John Klingberg, Ryan Ellis
Penalty Shots
Mark Scheifele, Matthew Tkachuk, Viktor Arvidsson, James Neal, Kyle Connor
Custom OT Lines Forwards
Viktor Arvidsson, Mark Scheifele, James Neal, Carl Soderberg, Kyle Connor, Matthew Tkachuk, Loui Eriksson, Tom Wilson, Riley Sheahan, Derek Grant
Custom OT Lines Defensemen
Ryan Ellis, John Klingberg, Colton Parayko, Trevor Daley, Oscar Klefbom

Scratches
Joe Morrow (Healthy), Jack Campbell (Healthy)

Columbus Blue Jackets

5 vs 5 Forward 
   Center                   Left Wing                Right Wing               Time % Phy DF OF 
 1 Jamie Benn               Artemi Panarin           Kevin Hayes              32     0   1  4  
 2 Alexander Wennberg       Oliver Bjorkstrand       Vinnie Hinostroza        32     0   1  4  
 3 Frederik Gauthier        Boone Jenner             Stefan Noesen            25     0   2  3  
 4 Antoine Vermette         Lukas Sedlak             Devante Smith-Pelly      11     1   2  2  

5 vs 5 Defense 
   Defense                  Defense                                           Time % Phy DF OF 
 1 Justin Braun             Christopher Tanev                                 40     0   3  2  
 2 Jack Johnson             Ryan Murray                                       35     0   3  2  
 3 Tim Heed                 Markus Nutivaara                                  25     0   5  0  
 4 Jack Johnson             Ryan Murray                                       0      3   1  1  

PowerPlay Forward 
   Center                   Left Wing                Right Wing               Time % Phy DF OF 
 1 Jamie Benn               Oliver Bjorkstrand       Kevin Hayes              50     0   0  5  
 2 Alexander Wennberg       Artemi Panarin           Devante Smith-Pelly      50     0   0  5  

PowerPlay Defense
   Defense                  Defense                                           Time % Phy DF OF 
 1 Jack Johnson             Tim Heed                                          50     0   2  3  
 2 Ryan Murray              Markus Nutivaara                                  50     0   2  3  

Penalty Kill 4 Players Forward 
   Center                   Wing                     Time % Phy DF OF 
 1 Frederik Gauthier        Stefan Noesen            50     0   4  1  
 2 Boone Jenner             Devante Smith-Pelly      50     1   3  1  

Penalty Kill 4 Players Defense
   Defense                  Defense                  Time % Phy DF OF 
 1 Jack Johnson             Ryan Murray              50     1   4  0  
 2 Christopher Tanev        Justin Braun             50     1   4  0  

Penalty Kill - 3 Players Forward 
   Forward                                           Time % Phy DF OF 
 1 Kevin Hayes                                       50     1   4  0  
 2 Frederik Gauthier                                 50     1   4  0  

Penalty Kill - 3 Players Defense
   Defense                  Defense                  Time % Phy DF OF 
 1 Jack Johnson             Christopher Tanev        50     0   5  0  
 2 Ryan Murray              Justin Braun             50     0   5  0  

4 vs 4 Forward 
   Center                   Wing                     Time % Phy DF OF 
 1 Antoine Vermette         Vinnie Hinostroza        50     1   4  0  
 2 Frederik Gauthier        Artemi Panarin           50     1   4  0  

4 vs 4 Defense
   Defense                  Defense                  Time % Phy DF OF 
 1 Justin Braun             Ryan Murray              50     1   4  0  
 2 Christopher Tanev        Jack Johnson             50     1   4  0  

Last Minutes Offensive
   Center                   Left Wing                Right Wing               Defense                  Defense                  
   Jamie Benn               Artemi Panarin           Kevin Hayes              Jack Johnson             Markus Nutivaara         

Last Minutes Defensive
   Center                   Left Wing                Right Wing               Defense                  Defense                  
   Frederik Gauthier        Jamie Benn               Kevin Hayes              Christopher Tanev        Justin Braun             

Goaltenders
Starting : Sergei Bobrovsky         
Backup : Calvin Pickard           

Extra Forwards
Normal : Boone Jenner, Kevin Hayes, Devante Smith-Pelly - PP : Stefan Noesen, Vinnie Hinostroza - PK : Boone Jenner
Extra Defensemen
Normal : Tim Heed, Christopher Tanev, Ryan Murray - PP : Jack Johnson - PK : Justin Braun, Tim Heed
Penalty Shots
Jamie Benn, Artemi Panarin, Alexander Wennberg, Vinnie Hinostroza, Oliver Bjorkstrand
Custom OT Lines Forwards
Jamie Benn, Artemi Panarin, Vinnie Hinostroza, Alexander Wennberg, Boone Jenner, Antoine Vermette, Devante Smith-Pelly, Oliver Bjorkstrand, Kevin Hayes, Frederik Gauthier
Custom OT Lines Defensemen
Jack Johnson, Justin Braun, Tim Heed, Markus Nutivaara, Christopher Tanev

Scratches
David Krejci (Broken Bone (Right Ankle) Injury), Scott Harrington (Healthy), Zac Dalpe (Healthy), Anton Forsberg (Healthy)

% Time on Ice - Dallas Stars

Lines # - Real PCT - Wanted PCT - Time Play
Normal Forward
1 - 31% - 32% - 16:09
2 - 26% - 27% - 13:12
3 - 25% - 25% - 12:51
4 - 18% - 16% - 9:09
Normal Defense
1 - 30% - 32% - 15:14
2 - 33% - 30% - 16:57
3 - 28% - 28% - 14:09
4 - 10% - 10% - 5:01
PP Forward
1 - 55% - 52% - 1:06
2 - 45% - 48% - 0:53
PP Defense
1 - 50% - 50% - 0:59
2 - 50% - 50% - 1:00
PK Forward
1 - 58% - 52% - 3:50
2 - 43% - 48% - 2:50
PK Defense
1 - 54% - 52% - 3:36
2 - 46% - 48% - 3:04
PK3 Forward
1 - 0% - 52%
2 - 0% - 48%
PK3 Defense
1 - 0% - 52%
2 - 0% - 48%
44 Forward
1 - 0% - 52%
2 - 0% - 48%
44 Defense
1 - 0% - 65%
2 - 0% - 35%
Last Minute Offensive  - 0:00
Last Minute Defensive  - 0:00
Total
Forward - 60:00
Defense - 60:00

% Time on Ice - Columbus Blue Jackets

Lines # - Real PCT - Wanted PCT - Time Play
Normal Forward
1 - 29% - 32% - 14:42
2 - 30% - 32% - 15:15
3 - 25% - 25% - 13:04
4 - 16% - 11% - 8:20
Normal Defense
1 - 38% - 40% - 19:23
2 - 34% - 35% - 17:33
3 - 27% - 25% - 14:00
4 - 1% - 0% - 0:25
PP Forward
1 - 52% - 50% - 3:26
2 - 49% - 50% - 3:14
PP Defense
1 - 49% - 50% - 3:17
2 - 51% - 50% - 3:23
PK Forward
1 - 75% - 50% - 1:29
2 - 25% - 50% - 0:30
PK Defense
1 - 57% - 50% - 1:08
2 - 43% - 50% - 0:51
PK3 Forward
1 - 0% - 50%
2 - 0% - 50%
PK3 Defense
1 - 0% - 50%
2 - 0% - 50%
44 Forward
1 - 0% - 50%
2 - 0% - 50%
44 Defense
1 - 0% - 50%
2 - 0% - 50%
Last Minute Offensive  - 0:00
Last Minute Defensive  - 0:00
Total
Forward - 60:00
Defense - 60:00

Play-by-Play

1st period


0:01 of 1st period - Mark Scheifele wins face-off versus Jamie Benn in neutral zone.
0:08 of 1st period - Wrist shot by Viktor Arvidsson.
0:08 of 1st period - Shot Blocked by Christopher Tanev.
0:10 of 1st period - Slapshot by Ryan Ellis.
0:10 of 1st period - Stopped by Sergei Bobrovsky with a rebound.
0:12 of 1st period - Snap shot by Mark Scheifele.
0:12 of 1st period - Stopped by Sergei Bobrovsky with a rebound.
0:14 of 1st period - Slapshot by John Klingberg.
0:14 of 1st period - Shot Blocked by Christopher Tanev.
0:16 of 1st period - Snap shot by James Neal.
0:16 of 1st period - Shot Blocked by Christopher Tanev.
0:44 of 1st period - Wrist shot by Tom Wilson.
0:44 of 1st period - Stopped by Sergei Bobrovsky without a rebound.
0:45 of 1st period - Pierre-Edouard Bellemare wins face-off versus Frederik Gauthier in Columbus Blue Jackets zone.
0:53 of 1st period - Off-side.
0:54 of 1st period - Carl Soderberg wins face-off versus Frederik Gauthier in neutral zone.
2:23 of 1st period - Wrist shot by Stefan Noesen.
2:23 of 1st period - Deflect By Carl Soderberg.
2:23 of 1st period - Stopped by Carter Hutton with a rebound.
2:45 of 1st period - Slapshot by Mark Scheifele.
2:45 of 1st period - Stopped by Sergei Bobrovsky with a rebound.
2:48 of 1st period - Icing by Tim Heed.
2:49 of 1st period - Riley Sheahan wins face-off versus Antoine Vermette in Columbus Blue Jackets zone.
3:37 of 1st period - Devin Shore is hit by Kevin Hayes and loses puck.
4:21 of 1st period - Loui Eriksson is hit by Oliver Bjorkstrand and loses puck.
5:34 of 1st period - Frederik Gauthier is hit by Pierre-Edouard Bellemare and loses puck.
5:47 of 1st period - Snap shot by Tom Wilson.
5:47 of 1st period - Stopped by Sergei Bobrovsky without a rebound.
5:48 of 1st period - Antoine Vermette wins face-off versus James Neal in Columbus Blue Jackets zone.
6:04 of 1st period - Snap shot by Mark Scheifele.
6:04 of 1st period - Shot Blocked by Ryan Murray.
6:40 of 1st period - Slapshot by Matthew Tkachuk.
6:40 of 1st period - Shot Misses the Net.
6:55 of 1st period - Tim Heed is hit by Tom Wilson.
7:09 of 1st period - John Klingberg is hit by Kevin Hayes and loses puck.
8:00 of 1st period - Wrist shot by Loui Eriksson.
8:00 of 1st period - Stopped by Sergei Bobrovsky with a rebound.
8:16 of 1st period - Colton Parayko is hit by Jamie Benn and loses puck.
8:35 of 1st period - Backhand shot by Oliver Bjorkstrand.
8:35 of 1st period - Shot Misses the Net.
8:41 of 1st period - Christopher Tanev is hit by Stephen Johns and loses puck.
9:03 of 1st period - Wrist shot by Alexander Wennberg.
9:03 of 1st period - Stopped by Carter Hutton without a rebound.
9:04 of 1st period - Mark Scheifele wins face-off versus Jamie Benn in Dallas Stars zone.
9:19 of 1st period - Wrist shot by Mark Scheifele.
9:19 of 1st period - Shot Blocked by Ryan Murray.
9:49 of 1st period - Off-side.
9:50 of 1st period - Antoine Vermette wins face-off versus Riley Sheahan in neutral zone.
9:50 of 1st period - Antoine Vermette is hit by Colton Parayko.
9:56 of 1st period - Slapshot by Markus Nutivaara.
9:56 of 1st period - Stopped by Carter Hutton without a rebound.
9:57 of 1st period - Mark Scheifele wins face-off versus Jamie Benn in Dallas Stars zone.
10:08 of 1st period - Slapshot by Mark Scheifele.
10:08 of 1st period - Stopped by Sergei Bobrovsky with a rebound.
10:50 of 1st period - Slapshot by Loui Eriksson.
10:50 of 1st period - Deflect By Matthew Tkachuk.
10:50 of 1st period - Stopped by Sergei Bobrovsky without a rebound.
10:51 of 1st period - Mark Scheifele wins face-off versus Alexander Wennberg in Columbus Blue Jackets zone.
11:16 of 1st period - Trevor Daley is hit by Stefan Noesen.
11:28 of 1st period - Snap shot by Stefan Noesen.
11:28 of 1st period - Deflect By Mark Scheifele.
11:28 of 1st period - Stopped by Carter Hutton with a rebound.
12:22 of 1st period - Viktor Arvidsson is hit by Antoine Vermette and loses puck.
12:33 of 1st period - Snap shot by Viktor Arvidsson.
12:33 of 1st period - Stopped by Sergei Bobrovsky without a rebound.
12:34 of 1st period - Jamie Benn wins face-off versus Carl Soderberg in Columbus Blue Jackets zone.
12:43 of 1st period - Slapshot by Kyle Connor.
12:43 of 1st period - Shot Misses the Net.
12:45 of 1st period - Backhand shot by Kyle Connor.
12:45 of 1st period - Shot Misses the Net.
12:59 of 1st period - Ryan Murray is hit by Tom Wilson and loses puck.
14:24 of 1st period - John Klingberg is hit by Lukas Sedlak.
14:52 of 1st period - Jamie Benn is hit by Matthew Tkachuk and loses puck.
15:56 of 1st period - Wrist shot by Artemi Panarin.
15:56 of 1st period - Stopped by Carter Hutton with a rebound.
16:02 of 1st period - Tim Heed is hit by Matthew Tkachuk and loses puck.
16:39 of 1st period - Derek Grant is hit by Lukas Sedlak.
17:19 of 1st period - Loui Eriksson is hit by Lukas Sedlak and loses puck.
17:24 of 1st period - Snap shot by Justin Braun.
17:24 of 1st period - Stopped by Carter Hutton with a rebound.
17:53 of 1st period - Oliver Bjorkstrand is hit by Pierre-Edouard Bellemare and loses puck.
18:10 of 1st period - James Neal is hit by Stefan Noesen and loses puck.
19:00 of 1st period - Ryan Ellis is hit by Jack Johnson and loses puck.
19:30 of 1st period - Viktor Arvidsson is hit by Alexander Wennberg and loses puck.
Goals for this period are 0 for Dallas Stars vs 0 for Columbus Blue Jackets.
Shots for this period are 9 for Dallas Stars vs 6 for Columbus Blue Jackets.

2nd period


0:01 of 2nd period - Alexander Wennberg wins face-off versus Riley Sheahan in neutral zone.
0:06 of 2nd period - Snap shot by Oliver Bjorkstrand.
0:06 of 2nd period - Stopped by Carter Hutton with a rebound.
0:14 of 2nd period - Oscar Klefbom is hit by Alexander Wennberg and loses puck.
0:36 of 2nd period - Snap shot by Loui Eriksson.
0:36 of 2nd period - Stopped by Sergei Bobrovsky without a rebound.
0:37 of 2nd period - Mark Scheifele wins face-off versus Jamie Benn in Columbus Blue Jackets zone.
0:46 of 2nd period - Wrist shot by Viktor Arvidsson.
0:46 of 2nd period - Stopped by Sergei Bobrovsky without a rebound.
0:47 of 2nd period - Mark Scheifele wins face-off versus Jamie Benn in Columbus Blue Jackets zone.
0:48 of 2nd period - Wrist shot by Viktor Arvidsson.
0:48 of 2nd period - Stopped by Sergei Bobrovsky without a rebound.
0:49 of 2nd period - Devin Shore wins face-off versus Alexander Wennberg in Columbus Blue Jackets zone.
0:50 of 2nd period - Snap shot by Carl Soderberg.
0:50 of 2nd period - Shot Blocked by Vinnie Hinostroza.
0:58 of 2nd period - Wrist shot by Vinnie Hinostroza.
0:58 of 2nd period - Shot Misses the Net.
1:00 of 2nd period - Slapshot by Vinnie Hinostroza.
1:00 of 2nd period - Stopped by Carter Hutton without a rebound.
1:01 of 2nd period - Mark Scheifele wins face-off versus Jamie Benn in Dallas Stars zone.
1:14 of 2nd period - Snap shot by Viktor Arvidsson.
1:14 of 2nd period - Shot Misses the Net.
1:16 of 2nd period - Snap shot by Viktor Arvidsson.
1:16 of 2nd period - Goal by Viktor Arvidsson - Dallas Stars : 1 - Columbus Blue Jackets : 0.
1:17 of 2nd period - Carl Soderberg wins face-off versus Vinnie Hinostroza in neutral zone.
1:22 of 2nd period - Slapshot by Kyle Connor.
1:22 of 2nd period - Stopped by Sergei Bobrovsky without a rebound.
1:23 of 2nd period - Alexander Wennberg wins face-off versus Carl Soderberg in Columbus Blue Jackets zone.
1:28 of 2nd period - Carl Soderberg is hit by Vinnie Hinostroza and loses puck.
1:37 of 2nd period - Slapshot by Vinnie Hinostroza.
1:37 of 2nd period - Shot Misses the Net.
1:55 of 2nd period - Snap shot by James Neal.
1:55 of 2nd period - Deflect By Mark Scheifele.
1:55 of 2nd period - Stopped by Sergei Bobrovsky without a rebound.
1:56 of 2nd period - Frederik Gauthier wins face-off versus Riley Sheahan in Columbus Blue Jackets zone.
2:21 of 2nd period - Ryan Ellis is hit by Jamie Benn and loses puck.
2:40 of 2nd period - Snap shot by Vinnie Hinostroza.
2:40 of 2nd period - Shot Misses the Net.
2:50 of 2nd period - Alexander Wennberg is hit by Kyle Connor and loses puck.
4:05 of 2nd period - Devin Shore is hit by Tim Heed and loses puck.
5:19 of 2nd period - Snap shot by Kyle Connor.
5:19 of 2nd period - Deflect By Carl Soderberg.
5:19 of 2nd period - Shot Hit the Post.
5:19 of 2nd period - Puck is out of play.
5:20 of 2nd period - Jamie Benn wins face-off versus Matthew Tkachuk in Columbus Blue Jackets zone.
5:30 of 2nd period - Snap shot by Matthew Tkachuk.
5:30 of 2nd period - Stopped by Sergei Bobrovsky without a rebound.
5:31 of 2nd period - Mark Scheifele wins face-off versus Alexander Wennberg in Columbus Blue Jackets zone.
5:44 of 2nd period - Wrist shot by Viktor Arvidsson.
5:44 of 2nd period - Shot Blocked by Justin Braun.
5:46 of 2nd period - Slapshot by Colton Parayko.
5:46 of 2nd period - Stopped by Sergei Bobrovsky without a rebound.
5:47 of 2nd period - Jamie Benn wins face-off versus Riley Sheahan in Columbus Blue Jackets zone.
5:58 of 2nd period - Jack Johnson is hit by Matthew Tkachuk and loses puck.
6:11 of 2nd period - James Neal is hit by Jack Johnson and loses puck.
6:30 of 2nd period - Wrist shot by Boone Jenner.
6:30 of 2nd period - Deflect By Stefan Noesen.
6:30 of 2nd period - Shot Blocked by Carl Soderberg.
6:30 of 2nd period - Puck is out of play.
6:31 of 2nd period - Frederik Gauthier wins face-off versus Carl Soderberg in Dallas Stars zone.
6:42 of 2nd period - Snap shot by Kyle Connor.
6:42 of 2nd period - Shot Blocked by Frederik Gauthier.
6:59 of 2nd period - Minor Penalty to Viktor Arvidsson for Holding.
7:00 of 2nd period - Pierre-Edouard Bellemare wins face-off versus Jamie Benn in Dallas Stars zone.
7:59 of 2nd period - Loui Eriksson is hit by Ryan Murray and loses puck.
8:59 of 2nd period - Penalty to Viktor Arvidsson is over, Viktor Arvidsson is back on ice.
9:02 of 2nd period - Jack Johnson is hit by Viktor Arvidsson and loses puck.
9:09 of 2nd period - Wrist shot by Viktor Arvidsson.
9:09 of 2nd period - Stopped by Sergei Bobrovsky without a rebound.
9:10 of 2nd period - James Neal wins face-off versus Frederik Gauthier in Columbus Blue Jackets zone.
9:18 of 2nd period - Boone Jenner is hit by Stephen Johns and loses puck.
10:00 of 2nd period - Snap shot by Matthew Tkachuk.
10:00 of 2nd period - Stopped by Sergei Bobrovsky with a rebound.
10:06 of 2nd period - Oscar Klefbom is hit by Vinnie Hinostroza and loses puck.
10:23 of 2nd period - Snap shot by Jamie Benn.
10:23 of 2nd period - Shot Blocked by Oscar Klefbom.
11:03 of 2nd period - Kyle Connor is hit by Lukas Sedlak and loses puck.
11:14 of 2nd period - Justin Braun is hit by Tom Wilson and loses puck.
11:33 of 2nd period - Viktor Arvidsson is hit by Vinnie Hinostroza and loses puck.
11:48 of 2nd period - Devin Shore is hit by Boone Jenner and loses puck.
12:13 of 2nd period - John Klingberg is hit by Kevin Hayes and loses puck.
12:38 of 2nd period - Ryan Murray is hit by Colton Parayko and loses puck.
12:47 of 2nd period - Kevin Hayes is hit by Riley Sheahan and loses puck.
13:14 of 2nd period - Frederik Gauthier is hit by Carl Soderberg and loses puck.
13:49 of 2nd period - Lukas Sedlak is hit by Colton Parayko and loses puck.
14:33 of 2nd period - Kyle Connor is hit by Lukas Sedlak and loses puck.
14:59 of 2nd period - Colton Parayko is hit by Artemi Panarin.
15:03 of 2nd period - Viktor Arvidsson is hit by Oliver Bjorkstrand and loses puck.
15:21 of 2nd period - Pierre-Edouard Bellemare is hit by Boone Jenner and loses puck.
15:38 of 2nd period - Jack Johnson is hit by Loui Eriksson and loses puck.
16:14 of 2nd period - Colton Parayko is hit by Devante Smith-Pelly and loses puck.
16:19 of 2nd period - Backhand shot by Alexander Wennberg.
16:19 of 2nd period - Stopped by Carter Hutton without a rebound.
16:20 of 2nd period - Alexander Wennberg wins face-off versus Matthew Tkachuk in Dallas Stars zone.
16:21 of 2nd period - Snap shot by Lukas Sedlak.
16:21 of 2nd period - Shot Misses the Net.
16:23 of 2nd period - Snap shot by Alexander Wennberg.
16:23 of 2nd period - Stopped by Carter Hutton without a rebound.
16:24 of 2nd period - Riley Sheahan wins face-off versus Kevin Hayes in Dallas Stars zone.
17:10 of 2nd period - Icing by Oliver Bjorkstrand.
17:11 of 2nd period - Alexander Wennberg wins face-off versus Carl Soderberg in Columbus Blue Jackets zone.
17:54 of 2nd period - Snap shot by Alexander Wennberg.
17:54 of 2nd period - Stopped by Carter Hutton without a rebound.
17:55 of 2nd period - Alexander Wennberg wins face-off versus Riley Sheahan in Dallas Stars zone.
18:30 of 2nd period - Snap shot by Jamie Benn.
18:30 of 2nd period - Deflect By Kevin Hayes.
18:30 of 2nd period - Shot Misses the Net.
18:30 of 2nd period - Puck is out of play.
18:31 of 2nd period - Jamie Benn wins face-off versus Mark Scheifele in Dallas Stars zone.
19:37 of 2nd period - Snap shot by Ryan Ellis.
19:37 of 2nd period - Stopped by Sergei Bobrovsky without a rebound.
19:38 of 2nd period - Pierre-Edouard Bellemare wins face-off versus Antoine Vermette in Columbus Blue Jackets zone.
19:47 of 2nd period - Backhand shot by Tom Wilson.
19:47 of 2nd period - Stopped by Sergei Bobrovsky without a rebound.
19:48 of 2nd period - Alexander Wennberg wins face-off versus Mark Scheifele in Columbus Blue Jackets zone.
19:55 of 2nd period - Snap shot by Oliver Bjorkstrand.
19:55 of 2nd period - Stopped by Carter Hutton with a rebound.
19:57 of 2nd period - Slapshot by Ryan Murray.
19:57 of 2nd period - Stopped by Carter Hutton without a rebound.
19:58 of 2nd period - Alexander Wennberg wins face-off versus Mark Scheifele in Dallas Stars zone.
Goals for this period are 1 for Dallas Stars vs 0 for Columbus Blue Jackets.
Shots for this period are 12 for Dallas Stars vs 7 for Columbus Blue Jackets.

3rd period


0:01 of 3rd period - Jamie Benn wins face-off versus Mark Scheifele in neutral zone.
0:14 of 3rd period - Snap shot by Artemi Panarin.
0:14 of 3rd period - Stopped by Carter Hutton without a rebound.
0:15 of 3rd period - Riley Sheahan wins face-off versus Alexander Wennberg in Dallas Stars zone.
0:15 of 3rd period - Riley Sheahan is hit by Justin Braun.
0:28 of 3rd period - Minor Penalty to Matthew Tkachuk for Slashing.
0:29 of 3rd period - Alexander Wennberg wins face-off versus Pierre-Edouard Bellemare in Dallas Stars zone.
0:37 of 3rd period - Slapshot by Markus Nutivaara.
0:37 of 3rd period - Shot Blocked by Pierre-Edouard Bellemare.
0:39 of 3rd period - Snap shot by Artemi Panarin.
0:39 of 3rd period - Stopped by Carter Hutton with a rebound.
0:41 of 3rd period - Slapshot by Markus Nutivaara.
0:41 of 3rd period - Shot Misses the Net.
1:11 of 3rd period - Wrist shot by Oliver Bjorkstrand.
1:11 of 3rd period - Goal by Oliver Bjorkstrand - Dallas Stars : 1 - Columbus Blue Jackets : 1.
1:12 of 3rd period - Mark Scheifele wins face-off versus Jamie Benn in neutral zone.
1:39 of 3rd period - Riley Sheahan is hit by Oliver Bjorkstrand and loses puck.
1:46 of 3rd period - Snap shot by Matthew Tkachuk.
1:46 of 3rd period - Shot Hit the Post.
2:02 of 3rd period - Wrist shot by Tom Wilson.
2:02 of 3rd period - Deflect By Justin Braun.
2:02 of 3rd period - Stopped by Sergei Bobrovsky without a rebound.
2:03 of 3rd period - Pierre-Edouard Bellemare wins face-off versus Frederik Gauthier in Columbus Blue Jackets zone.
2:04 of 3rd period - Wrist shot by Tom Wilson.
2:04 of 3rd period - Stopped by Sergei Bobrovsky with a rebound.
2:06 of 3rd period - Wrist shot by Tom Wilson.
2:06 of 3rd period - Shot Misses the Net.
2:08 of 3rd period - Wrist shot by Pierre-Edouard Bellemare.
2:08 of 3rd period - Shot Misses the Net.
2:10 of 3rd period - Slapshot by Stephen Johns.
2:10 of 3rd period - Shot Blocked by Ryan Murray.
2:12 of 3rd period - Slapshot by Tom Wilson.
2:12 of 3rd period - Stopped by Sergei Bobrovsky without a rebound.
2:13 of 3rd period - Mark Scheifele wins face-off versus Jamie Benn in Columbus Blue Jackets zone.
3:42 of 3rd period - Viktor Arvidsson is hit by Artemi Panarin and loses puck.
3:57 of 3rd period - Slapshot by Ryan Murray.
3:57 of 3rd period - Stopped by Carter Hutton with a rebound.
3:59 of 3rd period - Wrist shot by Oliver Bjorkstrand.
3:59 of 3rd period - Shot Blocked by Kyle Connor.
4:01 of 3rd period - Snap shot by Oliver Bjorkstrand.
4:01 of 3rd period - Shot Misses the Net.
4:03 of 3rd period - Snap shot by Vinnie Hinostroza.
4:03 of 3rd period - Stopped by Carter Hutton without a rebound.
4:04 of 3rd period - Riley Sheahan wins face-off versus Alexander Wennberg in Dallas Stars zone.
4:22 of 3rd period - Wrist shot by Vinnie Hinostroza.
4:22 of 3rd period - Shot Misses the Net.
4:24 of 3rd period - Slapshot by Justin Braun.
4:24 of 3rd period - Stopped by Carter Hutton without a rebound.
4:25 of 3rd period - Jamie Benn wins face-off versus Mark Scheifele in Dallas Stars zone.
5:23 of 3rd period - James Neal is hit by Stefan Noesen and loses puck.
6:06 of 3rd period - Slapshot by Mark Scheifele.
6:06 of 3rd period - Shot Blocked by Justin Braun.
6:08 of 3rd period - Slapshot by Ryan Ellis.
6:08 of 3rd period - Deflect By Artemi Panarin.
6:08 of 3rd period - Stopped by Sergei Bobrovsky without a rebound.
6:09 of 3rd period - Alexander Wennberg wins face-off versus Carl Soderberg in Columbus Blue Jackets zone.
6:09 of 3rd period - Alexander Wennberg is hit by Carl Soderberg.
6:46 of 3rd period - Snap shot by Jamie Benn.
6:46 of 3rd period - Deflect By Artemi Panarin.
6:46 of 3rd period - Shot Misses the Net.
6:46 of 3rd period - Puck is out of play.
6:47 of 3rd period - Frederik Gauthier wins face-off versus Pierre-Edouard Bellemare in Dallas Stars zone.
7:02 of 3rd period - Wrist shot by Stefan Noesen.
7:02 of 3rd period - Stopped by Carter Hutton without a rebound.
7:03 of 3rd period - Carl Soderberg wins face-off versus Jamie Benn in Dallas Stars zone.
7:34 of 3rd period - Minor Penalty to Matthew Tkachuk for Tripping.
7:35 of 3rd period - Pierre-Edouard Bellemare wins face-off versus Jamie Benn in Dallas Stars zone.
8:01 of 3rd period - Jack Johnson is hit by Pierre-Edouard Bellemare and loses puck.
8:54 of 3rd period - Loui Eriksson is hit by Devante Smith-Pelly and loses puck.
9:11 of 3rd period - Riley Sheahan is hit by Jamie Benn and loses puck.
9:26 of 3rd period - Jamie Benn is hit by Derek Grant and loses puck.
9:34 of 3rd period - Penalty to Matthew Tkachuk is over, Matthew Tkachuk is back on ice.
9:39 of 3rd period - Snap shot by Boone Jenner.
9:39 of 3rd period - Stopped by Carter Hutton without a rebound.
9:40 of 3rd period - Frederik Gauthier wins face-off versus Mark Scheifele in Dallas Stars zone.
9:45 of 3rd period - Wrist shot by Boone Jenner.
9:45 of 3rd period - Stopped by Carter Hutton with a rebound.
9:53 of 3rd period - Snap shot by Stefan Noesen.
9:53 of 3rd period - Stopped by Carter Hutton with a rebound.
9:55 of 3rd period - Snap shot by Stefan Noesen.
9:55 of 3rd period - Stopped by Carter Hutton with a rebound.
10:07 of 3rd period - Icing by Kyle Connor.
10:08 of 3rd period - Carl Soderberg wins face-off versus Antoine Vermette in Dallas Stars zone.
10:08 of 3rd period - Carl Soderberg is hit by Antoine Vermette.
10:35 of 3rd period - Matthew Tkachuk is hit by Stefan Noesen and loses puck.
10:54 of 3rd period - Wrist shot by Derek Grant.
10:54 of 3rd period - Deflect By Pierre-Edouard Bellemare.
10:54 of 3rd period - Shot Misses the Net.
10:54 of 3rd period - Puck is out of play.
10:55 of 3rd period - Alexander Wennberg wins face-off versus Riley Sheahan in Columbus Blue Jackets zone.
10:55 of 3rd period - Vinnie Hinostroza is hit by Matthew Tkachuk and loses puck.
11:20 of 3rd period - Artemi Panarin is hit by Ryan Ellis and loses puck.
11:47 of 3rd period - Snap shot by Mark Scheifele.
11:47 of 3rd period - Stopped by Sergei Bobrovsky without a rebound.
11:48 of 3rd period - Riley Sheahan wins face-off versus Alexander Wennberg in Columbus Blue Jackets zone.
11:53 of 3rd period - Slapshot by Loui Eriksson.
11:53 of 3rd period - Shot Misses the Net.
11:55 of 3rd period - Slapshot by Trevor Daley.
11:55 of 3rd period - Shot Blocked by Christopher Tanev.
11:57 of 3rd period - Backhand shot by Stephen Johns.
11:57 of 3rd period - Shot Blocked by Christopher Tanev.
11:59 of 3rd period - Snap shot by Matthew Tkachuk.
11:59 of 3rd period - Stopped by Sergei Bobrovsky with a rebound.
12:01 of 3rd period - Snap shot by Riley Sheahan.
12:01 of 3rd period - Shot Blocked by Vinnie Hinostroza.
12:03 of 3rd period - Snap shot by Loui Eriksson.
12:03 of 3rd period - Stopped by Sergei Bobrovsky without a rebound.
12:04 of 3rd period - Artemi Panarin wins face-off versus Carl Soderberg in Columbus Blue Jackets zone.
12:04 of 3rd period - Artemi Panarin is hit by Kyle Connor.
12:30 of 3rd period - John Klingberg is hit by Justin Braun and loses puck.
12:56 of 3rd period - Minor Penalty to Stefan Noesen for Tripping.
12:57 of 3rd period - Mark Scheifele wins face-off versus Frederik Gauthier in Columbus Blue Jackets zone.
13:23 of 3rd period - Boone Jenner is hit by Carl Soderberg.
14:56 of 3rd period - Penalty to Stefan Noesen is over, Stefan Noesen is back on ice.
15:13 of 3rd period - Icing by Stephen Johns.
15:14 of 3rd period - Alexander Wennberg wins face-off versus Pierre-Edouard Bellemare in Dallas Stars zone.
15:19 of 3rd period - Wrist shot by Oliver Bjorkstrand.
15:19 of 3rd period - Shot Blocked by Trevor Daley.
15:43 of 3rd period - Slapshot by Pierre-Edouard Bellemare.
15:43 of 3rd period - Shot Misses the Net.
15:45 of 3rd period - Wrist shot by Derek Grant.
15:45 of 3rd period - Stopped by Sergei Bobrovsky with a rebound.
15:47 of 3rd period - Slapshot by Trevor Daley.
15:47 of 3rd period - Shot Misses the Net.
15:49 of 3rd period - Snap shot by Stephen Johns.
15:49 of 3rd period - Shot Misses the Net.
15:51 of 3rd period - Slapshot by Trevor Daley.
15:51 of 3rd period - Shot Misses the Net.
15:53 of 3rd period - Wrist shot by Pierre-Edouard Bellemare.
15:53 of 3rd period - Shot Blocked by Jack Johnson.
15:55 of 3rd period - Wrist shot by Pierre-Edouard Bellemare.
15:55 of 3rd period - Stopped by Sergei Bobrovsky without a rebound.
15:56 of 3rd period - Frederik Gauthier wins face-off versus Carl Soderberg in Columbus Blue Jackets zone.
16:09 of 3rd period - Minor Penalty to Kyle Connor for Hooking.
16:10 of 3rd period - Alexander Wennberg wins face-off versus Pierre-Edouard Bellemare in Dallas Stars zone.
16:20 of 3rd period - Backhand shot by Artemi Panarin.
16:20 of 3rd period - Stopped by Carter Hutton with a rebound.
17:18 of 3rd period - Riley Sheahan is hit by Jamie Benn and loses puck.
17:27 of 3rd period - Wrist shot by Jamie Benn.
17:27 of 3rd period - Shot Blocked by Trevor Daley.
17:29 of 3rd period - Slapshot by Jamie Benn.
17:29 of 3rd period - Deflect By Oliver Bjorkstrand.
17:29 of 3rd period - Stopped by Carter Hutton without a rebound.
17:30 of 3rd period - Pierre-Edouard Bellemare wins face-off versus Alexander Wennberg in Dallas Stars zone.
18:09 of 3rd period - Penalty to Kyle Connor is over, Kyle Connor is back on ice.
18:19 of 3rd period - Stefan Noesen is hit by Viktor Arvidsson and loses puck.
18:28 of 3rd period - Wrist shot by Viktor Arvidsson.
18:28 of 3rd period - Stopped by Sergei Bobrovsky without a rebound.
18:29 of 3rd period - Alexander Wennberg wins face-off versus Carl Soderberg in Columbus Blue Jackets zone.
18:36 of 3rd period - Wrist shot by Devin Shore.
18:36 of 3rd period - Stopped by Sergei Bobrovsky without a rebound.
18:37 of 3rd period - Alexander Wennberg wins face-off versus Carl Soderberg in Columbus Blue Jackets zone.
18:37 of 3rd period - Alexander Wennberg is hit by Devin Shore.
19:04 of 3rd period - Snap shot by Boone Jenner.
19:04 of 3rd period - Shot Misses the Net.
19:06 of 3rd period - Slapshot by Stefan Noesen.
19:06 of 3rd period - Stopped by Carter Hutton without a rebound.
19:07 of 3rd period - Frederik Gauthier wins face-off versus Pierre-Edouard Bellemare in Dallas Stars zone.
19:18 of 3rd period - Snap shot by Stefan Noesen.
19:18 of 3rd period - Stopped by Carter Hutton with a rebound.
19:20 of 3rd period - Slapshot by Markus Nutivaara.
19:20 of 3rd period - Shot Hit the Post.
19:22 of 3rd period - Slapshot by Tim Heed.
19:22 of 3rd period - Shot Misses the Net.
19:24 of 3rd period - Snap shot by Boone Jenner.
19:24 of 3rd period - Shot Misses the Net.
19:26 of 3rd period - Slapshot by Tim Heed.
19:26 of 3rd period - Shot Blocked by Stephen Johns.
19:28 of 3rd period - Snap shot by Stefan Noesen.
19:28 of 3rd period - Stopped by Carter Hutton with a rebound.
19:30 of 3rd period - Slapshot by Christopher Tanev.
19:30 of 3rd period - Stopped by Carter Hutton with a rebound.
19:32 of 3rd period - Snap shot by Stefan Noesen.
19:32 of 3rd period - Stopped by Carter Hutton without a rebound.
19:33 of 3rd period - Carl Soderberg wins face-off versus Alexander Wennberg in Dallas Stars zone.
19:44 of 3rd period - Wrist shot by Vinnie Hinostroza.
19:44 of 3rd period - Shot Misses the Net.
19:46 of 3rd period - Snap shot by Christopher Tanev.
19:46 of 3rd period - Deflect By Vinnie Hinostroza.
19:46 of 3rd period - Shot Misses the Net.
19:46 of 3rd period - Puck is out of play.
19:47 of 3rd period - Frederik Gauthier wins face-off versus Pierre-Edouard Bellemare in Dallas Stars zone.
Goals for this period are 0 for Dallas Stars vs 1 for Columbus Blue Jackets.
Shots for this period are 11 for Dallas Stars vs 18 for Columbus Blue Jackets.

Overtime #1


0:01 of 1st overtime period - Jamie Benn wins face-off versus Mark Scheifele in neutral zone.
0:26 of 1st overtime period - Ryan Ellis is hit by Jack Johnson and loses puck.
0:51 of 1st overtime period - Wrist shot by Boone Jenner.
0:51 of 1st overtime period - Shot Blocked by John Klingberg.
0:53 of 1st overtime period - Wrist shot by Justin Braun.
0:53 of 1st overtime period - Deflect By Mark Scheifele.
0:53 of 1st overtime period - Stopped by Carter Hutton with a rebound.
0:55 of 1st overtime period - Snap shot by Boone Jenner.
0:55 of 1st overtime period - Stopped by Carter Hutton with a rebound.
0:57 of 1st overtime period - Wrist shot by Boone Jenner.
0:57 of 1st overtime period - Stopped by Carter Hutton without a rebound.
0:58 of 1st overtime period - Mark Scheifele wins face-off versus Antoine Vermette in Dallas Stars zone.
1:05 of 1st overtime period - Wrist shot by Mark Scheifele.
1:05 of 1st overtime period - Shot Misses the Net.
1:19 of 1st overtime period - Snap shot by Jamie Benn.
1:19 of 1st overtime period - Stopped by Carter Hutton with a rebound.
1:21 of 1st overtime period - Slapshot by Artemi Panarin.
1:21 of 1st overtime period - Stopped by Carter Hutton without a rebound.
1:22 of 1st overtime period - Carl Soderberg wins face-off versus Jamie Benn in Dallas Stars zone.
1:29 of 1st overtime period - Snap shot by Carl Soderberg.
1:29 of 1st overtime period - Shot Misses the Net.
1:31 of 1st overtime period - Wrist shot by Carl Soderberg.
1:31 of 1st overtime period - Stopped by Sergei Bobrovsky with a rebound.
1:49 of 1st overtime period - Vinnie Hinostroza is hit by Ryan Ellis and loses puck.
3:00 of 1st overtime period - Matthew Tkachuk is hit by Antoine Vermette and loses puck.
3:56 of 1st overtime period - Off-side.
3:57 of 1st overtime period - Mark Scheifele wins face-off versus Antoine Vermette in neutral zone.
4:06 of 1st overtime period - Wrist shot by Mark Scheifele.
4:06 of 1st overtime period - Shot Misses the Net.
4:20 of 1st overtime period - James Neal is hit by Vinnie Hinostroza and loses puck.
4:47 of 1st overtime period - Snap shot by Vinnie Hinostroza.
4:47 of 1st overtime period - Stopped by Carter Hutton with a rebound.
Goals for this period are 0 for Dallas Stars vs 0 for Columbus Blue Jackets.
Shots for this period are 1 for Dallas Stars vs 6 for Columbus Blue Jackets.

ShootOut


5:00 of 1st overtime period - Round #1.
5:00 of 1st overtime period - Dallas Stars, Mark Scheifele.
5:00 of 1st overtime period - Backhand shot by Mark Scheifele.
5:00 of 1st overtime period - Goal by Mark Scheifele.
5:00 of 1st overtime period - Columbus Blue Jackets, Jamie Benn.
5:00 of 1st overtime period - Snap shot by Jamie Benn.
5:00 of 1st overtime period - Stopped by Carter Hutton.
5:00 of 1st overtime period - Round #2.
5:00 of 1st overtime period - Dallas Stars, Matthew Tkachuk.
5:00 of 1st overtime period - Wrist shot by Matthew Tkachuk.
5:00 of 1st overtime period - Shot Misses the Net.
5:00 of 1st overtime period - Columbus Blue Jackets, Artemi Panarin.
5:00 of 1st overtime period - Deke by Artemi Panarin.
5:00 of 1st overtime period - Shot Misses the Net.
5:00 of 1st overtime period - Round #3.
5:00 of 1st overtime period - Dallas Stars, Viktor Arvidsson.
5:00 of 1st overtime period - Deke by Viktor Arvidsson.
5:00 of 1st overtime period - Stopped by Sergei Bobrovsky.
5:00 of 1st overtime period - Columbus Blue Jackets, Alexander Wennberg.
5:00 of 1st overtime period - Wrist shot by Alexander Wennberg.
5:00 of 1st overtime period - Stopped by Carter Hutton.